Map: 中心协议

Players

Purgator

  • Race: Zerg Zerg

shengy - Winner!

  • Race: Zerg Zerg
  • League: Platinum

VOD

Have the link to the VOD?

Description

Time

  • Played on: Dec. 21, 2015, 12:08 a.m.
  • Length: 18:33
Show
View Real Time Build Order
Export as new Build Order

Purgator Zerg 

Build Orders: Pool First, Zergling Baneling 

Get SALT Encoding   

  12  0:01  Drone  
  13  0:09  Extractor  
  12  0:27  Spawning Pool  
  11  0:32  Drone  
  12  0:40  Drone  
  13  0:54  Overlord  
  13  1:13  Zergling x6  
  16  1:22  Metabolic Boost  
  16  1:34  Baneling Nest  
  16  1:39  Zergling x2  
  16  1:44  Zergling x2  
  17  1:54  Zergling x2  
  17  2:00  Zergling x2  
  19  2:16  Queen  
  21  2:23  Zergling x2  
  21  2:27  Baneling  
  22  2:31  Baneling  
  22  2:43  Overlord  
  20  3:15  Zergling x4  
  20  3:16  Zergling x2  
  21  3:28  Baneling x4  
  21  3:33  Drone  
  22  3:43  Drone  
  23  3:57  Zergling x8  
  22  4:28  Zergling x10  
  27  4:36  Baneling  
  27  4:37  Baneling x3  
  27  4:42  Baneling x2  
  27  4:44  Zergling x4  
  28  5:11  Zergling x6  
  22  5:26  Zergling x6  
  24  5:36  Baneling  
  24  5:37  Baneling x4  
  24  5:38  Drone x2  
  24  5:39  Drone  
  27  5:45  Zergling x2  
  20  6:21  Zergling x8  
  23  6:33  Zergling x2  
  24  6:40  Hatchery  
  23  6:48  Zergling x2  
  24  7:15  Zergling x6  
  23  7:28  Zergling x2  
  24  7:35  Roach Warren  
  23  7:40  Baneling x4  
  23  7:41  Baneling x2  
  23  7:44  Zergling x2  
  23  7:50  Overlord x2  
  24  7:53  Drone x2  
  24  7:54  Drone  
  27  8:03  Queen  
  27  8:05  Drone x2  
  28  8:15  Zergling x6  
  31  8:33  Drone x3  
  31  8:34  Drone  
  34  8:51  Roach x2  
  38  8:59  Roach x2  
  42  9:22  Roach x5  
  52  9:35  Extractor  
  52  9:36  Drone  
  52  9:38  Overlord x2  
  52  9:54  Overlord x2  
  52  10:03  Drone  
  52  10:05  Roach x3  
  52  10:06  Zergling x2  
  60  10:10  Overlord x2  
  60  10:21  Roach x4  
  68  10:45  Roach x6  
  68  10:46  Zergling x2  
  68  10:48  Zergling x2  
  80  11:08  Baneling  
  80  11:09  Baneling x6  
  80  11:12  Roach  
  80  11:13  Zergling x2  
  80  11:18  Overlord x2  
  83  11:23  Overlord  
  62  11:48  Roach x2  
  62  11:49  Roach x5  
  71  12:02  Roach x3  
  71  12:11  Drone  
  52  12:29  Roach x4  
  60  12:47  Hatchery  
  60  12:48  Zergling x4  
  61  12:53  Drone x2  
  63  13:11  Baneling  
  63  13:12  Baneling x3  
  63  13:13  Roach x4  
  71  13:35  Roach  
  71  13:36  Roach x5  
  71  13:37  Roach  
  71  13:39  Zergling x2  
  86  14:04  Roach x4  
  94  14:14  Zergling x4  
  95  14:43  Roach x2  
  99  14:46  Overlord x3  
  99  14:47  Overlord  
  97  15:15  Roach  
  97  15:16  Roach x8  
  106  15:31  Roach  
  106  15:32  Roach  
  117  15:50  Roach x4  
  79  16:15  Roach x4  
  67  16:22  Zergling x4  
  63  16:43  Roach x6  
Show
View Real Time Build Order
Export as new Build Order

shengy Zerg - Winner!

Build Orders: Pool First, Zergling Baneling 

Get SALT Encoding   

  12  0:01  Drone  
  13  0:08  Drone  
  14  0:16  Overlord  
  14  0:35  Drone x3  
  17  0:46  Spawning Pool  
  17  0:48  Drone  
  17  0:52  Extractor  
  17  0:57  Drone  
  17  1:21  Drone  
  18  1:29  Hatchery  
  17  1:33  Zergling x4  
  19  1:40  Overlord  
  19  1:51  Drone  
  20  2:07  Zergling x2  
  21  2:12  Spine Crawler  
  20  2:16  Baneling Nest  
  20  2:19  Zergling x2  
  20  2:22  Queen  
  22  2:28  Zergling x2  
  23  2:34  Metabolic Boost  
  23  2:43  Drone  
  26  3:15  Zergling x6  
  26  3:20  Baneling x2  
  26  3:21  Baneling  
  26  3:24  Drone x2  
  26  3:25  Drone  
  29  3:46  Overlord  
  29  3:47  Overlord  
  29  4:02  Baneling x2  
  26  4:29  Zergling x8  
  28  4:43  Hatchery, Zergling x2  
  28  4:48  Baneling, Spine Crawler  
  28  4:49  Baneling x2  
  27  4:59  Queen  
  27  5:12  Baneling  
  27  5:13  Baneling  
  25  5:26  Zergling x2  
  25  5:27  Zergling x8  
  30  5:34  Drone, Roach Warren, Extractor  
  29  5:46  Baneling  
  29  5:47  Baneling  
  29  5:48  Baneling  
  21  6:25  Drone x2  
  23  6:31  Baneling  
  23  6:32  Baneling x2  
  23  6:51  Roach  
  23  6:52  Roach  
  27  7:01  Hatchery  
  25  7:19  Drone  
  25  7:20  Drone x2  
  25  7:21  Drone  
  25  7:22  Drone  
  30  7:33  Drone x2  
  32  7:41  Baneling x2  
  32  7:45  Drone x2  
  34  7:52  Drone  
  34  7:56  Baneling  
  35  8:08  Drone x2  
  36  8:13  Baneling  
  36  8:16  Drone x5  
  41  8:25  Ravager  
  41  8:26  Ravager  
  41  8:27  Overlord  
  43  8:29  Roach  
  43  8:33  Baneling  
  43  8:34  Baneling  
  44  8:57  Ravager  
  44  8:59  Roach x2  
  44  9:00  Roach  
  51  9:09  Drone x4  
  55  9:23  Queen  
  56  9:26  Evolution Chamber, Queen  
  56  9:28  Extractor  
  56  9:30  Ravager  
  57  9:34  Overlord  
  57  9:35  Overlord  
  57  9:50  Overlord  
  57  9:59  Zerg Missile Weapons Level 1  
  57  10:14  Extractor  
  56  10:24  Roach x3  
  56  10:25  Roach x6  
  74  10:30  Lair  
  74  10:32  Extractor  
  74  10:33  Hatchery  
  72  10:36  Extractor  
  71  10:59  Zergling x16  
  71  11:00  Zergling x4  
  81  11:18  Baneling x4  
  81  11:19  Baneling x6  
  81  11:20  Baneling  
  81  11:38  Roach  
  81  11:39  Roach x7  
  62  12:08  Glial Reconstitution  
  53  12:12  Zergling x2  
  53  12:13  Zergling x14  
  53  12:14  Zergling x2  
  56  12:24  Ravager  
  56  12:25  Ravager x2  
  56  12:26  Ravager  
  60  12:42  Overseer  
  60  12:46  Queen x2  
  60  12:49  Drone  
  65  13:10  Baneling x3  
  65  13:18  Drone x2  
  65  13:19  Drone x2  
  69  13:24  Drone  
  69  13:25  Drone  
  71  13:34  Zerg Missile Weapons Level 2  
  71  13:44  Zergling x2  
  72  13:59  Drone x3  
  75  14:10  Baneling  
  75  14:13  Drone x3  
  75  14:14  Drone x2, Overlord  
  75  14:15  Overlord x2  
  80  14:20  Drone x2  
  80  14:21  Drone x3  
  85  14:24  Roach  
  85  14:29  Hydralisk Den  
  86  14:32  Queen  
  86  14:34  Evolution Chamber  
  85  14:48  Roach  
  85  14:49  Roach x4  
  95  14:53  Baneling  
  95  14:54  Baneling x4  
  95  15:08  Roach x5  
  105  15:15  Zerg Ground Armor Level 1  
  93  15:29  Roach  
  93  15:30  Roach x4  
  103  15:40  Roach x3  
  101  15:54  Overlord  
  92  16:16  Ravager  
  92  16:17  Ravager  
  94  16:21  Drone  
  94  16:22  Drone x7  
  94  16:23  Drone  
  103  16:27  Drone  
  104  16:52  Hatchery  
  99  17:04  Hatchery  
  99  17:41  Roach x7  
  99  17:44  Overlord x3  
  99  18:21  Extractor  
  99  18:22  Extractor  
Tags
 
Add a new tag
Caveats
  • Supply blocks, unpowered buildings, or Contaminate may cause inaccurate times.
  • Supply counts are checked every 10 seconds.